 Dungeon Crawl Stone Soup version 0.20-a0-1025-g4706f7e (webtiles) character file.

16553 nikopol the Cleaver (level 12, -5/114 HPs)
             Began as a Gargoyle Berserker on Apr 18, 2017.
             Was a High Priest of Trog.
             Slain by a komodo dragon (12 damage)
             ... on level 2 of the Lair of Beasts on Apr 19, 2017.
             The game lasted 00:37:11 (13470 turns).

nikopol the Cleaver (Gargoyle Berserker)           Turns: 13470, Time: 00:37:11

Health: -5/114     AC: 24    Str: 27    XL:     12   Next: 38%
Magic:  12/12      EV: 12    Int:  8    God:    Trog [*****.]
Gold:   577        SH:  0    Dex: 13    Spells: 11/11 levels left

rFire    . . .     SeeInvis +   a - +0 war axe
rCold    . . .     Gourm    +   (no shield)
rNeg     + . .     Faith    .   d - +0 chain mail
rPois    ∞         Spirit   .   v - +2 hat {MR+}
rElec    +         Reflect  .   (no cloak)
rCorr    .         Harm     .   (no gloves)
MR       +....                  n - +1 pair of boots
Stlth    ..........             q - amulet of the gourmand
Regen    0.3/turn               K - ring of see invisible
MPRegen  0.2/turn               (no ring)

@: berserking, very quick
A: negative energy resistance 1, electricity resistance, unbreathing,
petrification resistance, rot immunity, AC +8
a: Berserk, Trog's Hand, Brothers in Arms, Burn Spellbooks, Renounce Religion


You were on level 2 of the Lair of Beasts.
You worshipped Trog.
Trog was extremely pleased with you.
You were very full.

You visited 2 branches of the dungeon, and saw 11 of its levels.
You also visited: Ossuary.

You collected 577 gold pieces.

Inventory:

Hand Weapons
 a - a +0 war axe (weapon)
 y - a +4 great mace of crushing
 z - a +5 shortbow
Missiles
 e - 153 arrows (quivered)
Armour
 d - a +0 chain mail (worn)
 n - a +1 pair of boots (worn)
 v - a +2 hat of magic resistance (worn)
Jewellery
 q - an amulet of the gourmand (around neck)
 K - a ring of see invisible (left hand)
Wands
 i - a wand of clouds (5/9)
 s - a wand of scattershot (7/9)
 G - a wand of acid (15/15)
 H - a wand of disintegration (19/24)
Scrolls
 g - 4 scrolls of identify
 h - 5 scrolls of fog
 p - 2 scrolls of remove curse
 u - 3 scrolls of teleportation
 B - 3 scrolls of enchant weapon
 D - a scroll of blinking
Potions
 b - a potion of mutation {unknown}
 j - 3 potions of curing
 k - 2 potions of ambrosia
 m - a potion of invisibility
 o - 3 potions of haste {unknown}
 r - 2 potions of flight {unknown}
 x - 3 potions of agility
 A - a potion of degeneration {unknown}
 C - 3 potions of berserk rage {unknown}
 E - a potion of resistance {unknown}
 F - 2 potions of brilliance {unknown}
 J - a potion of magic {unknown}
 O - a potion of might {unknown}
Comestibles
 c - 8 bread rations
 f - 9 royal jellies
 l - 11 fruits
 t - 4 meat rations


   Skills:
 + Level 9.1 Fighting
 * Level 10.2 Axes
 * Level 10.1 Bows
 + Level 9.0 Armour
 + Level 6.9 Dodging


You had 11 spell levels left.
You didn't know any spells.

Dungeon Overview and Level Annotations

Branches:
Dungeon (9/15)             Temple (0/1) D:5            Lair (2/6) D:9
  Swamp: Lair:2-4    Shoals: Lair:2-4     Snake: Lair:2-4    Spider: Lair:2-4
    Orc: D:9-12

Altars:
Cheibriados
Elyvilon
Fedhas
Hepliaklqana
Makhleb
Okawaru
Qazlal
Trog
Uskayaw
Vehumet
Wu Jian
Xom
Zin


Innate Abilities, Weirdness & Mutations

You are resistant to torment.
Your stone body is resilient. (AC +8)
You are immune to poison.
You resist negative energy. (rN+)
You are resistant to electric shocks. (rElec)
You can survive without breathing.
You are immune to petrification.
You are immune to rotting.


Message History

The komodo dragon is moderately wounded.
You hit the plant. The komodo dragon barely misses you.
A red film seems to cover your vision as you go berserk!
You feel yourself moving faster!
You feel mighty! The komodo dragon bites you.
* * * LOW HITPOINT WARNING * * *
You slice the komodo dragon!!
The komodo dragon is severely wounded.
You slash the plant! The komodo dragon bites you!!
* * * LOW HITPOINT WARNING * * *
You hit the komodo dragon.
The komodo dragon is almost dead.
You hit the plant but do no damage. You hit the komodo dragon.
The komodo dragon is almost dead.
You hit the plant.
The komodo dragon bites you but does no damage.
You barely miss the komodo dragon.
The komodo dragon is almost dead.
You slash the plant! The komodo dragon bites you!
You die...

##.P.## #.....#
###....# ###.....##
###.....P..#
##..#.......#
#........#.## #####
####
##.#.....#.####.P.#
...#
#P@###.............
...## ##l#
##...........# ....#
..( #.+..........
....# .....
#...........# ...P#
.
.##....#............
...###.. .#
#.#.(#...........#
>......# #.
###..#...........#
.....## #
#.###....#+.#.##
...###
#.##..#.#..####


You could see a komodo dragon.

Vanquished Creatures
  Gastronok (D:8)
  A hydra (Lair:2)
  Erica (D:9)
  2 two-headed ogres (D:8)
  Urug (Lair:2)
  A black mamba (Lair:2)
  3 spiny frogs (Lair:1)
  5 komodo dragons
  4 trolls
  5 blink frogs (Lair:2)
  3 hippogriffs
  Eustachio (D:5)
  Grum (D:9)
  11 yaks
  2 wyverns (D:9)
  A basilisk (Lair:2)
  2 porcupines (Lair:2)
  2 water moccasins (Lair:2)
  2 phantoms
  2 sky beasts
  A swamp drake (D:9)
  A centaur (D:9)
  2 ogres
  5 wolves
  9 crocodiles
  A big kobold (D:9)
  6 bullfrogs
  2 scorpions
  4 killer bees
  4 howler monkeys
  A crimson imp (D:5)
  6 jellies
  2 bullfrog skeletons (D:8)
  5 hounds
  9 orc priests
  3 centaur skeletons
  4 iguanas
  2 orc wizards
  Natasha (thrice) (D:4)
  5 worker ants
  A hound zombie (D:6)
  A hound skeleton (D:7)
  14 mummies (Ossuary)
  A worker ant zombie (D:9)
  14 adders
  An adder zombie (D:5)
  An ooze (D:3)
  An adder skeleton (D:9)
  2 worms
  A dart slug (D:1)
  7 leopard geckos
  36 orcs
  3 ball pythons
  7 giant cockroaches
  13 goblins
  9 hobgoblins
  28 jackals
  3 quokkas
  9 bats
  2 frilled lizards (D:1)
  2 gnoll skeletons (Ossuary)
  A goblin skeleton (Ossuary)
  17 kobolds
  2 kobold skeletons (Ossuary)
  2 orc skeletons (Ossuary)
  8 rats
  11 rat skeletons (Ossuary)
  2 fungi (Lair:2)
  2 plants (Lair:2)
327 creatures vanquished.

Vanquished Creatures (others)
  An orc wizard (D:9)
  An orc skeleton (Ossuary)
  3 fungi
  A plant (Lair:2)
6 creatures vanquished.

Grand Total: 333 creatures vanquished

Notes
Turn   | Place    | Note
-------+----------+-------------------------------------------
     0 | D:1      | nikopol the Gargoyle Berserker began the quest for the Orb.
     0 | D:1      | Reached XP level 1. HP: 14/14 MP: 1/1
    89 | D:1      | Reached XP level 2. HP: 10/19 MP: 2/2
   365 | D:1      | Reached XP level 3. HP: 21/24 MP: 3/3
   367 | D:1      | Reached ** piety under Trog
   989 | D:2      | Reached XP level 4. HP: 22/29 MP: 4/4
  1067 | D:2      | Found a snail-covered altar of Cheibriados.
  1104 | D:2      | Found a faded altar of an unknown god.
  1650 | D:2      | Reached XP level 5. HP: 33/34 MP: 5/5
  1813 | D:3      | Found a bloodstained altar of Trog.
  1854 | D:3      | Reached *** piety under Trog
  1899 | D:3      | Found a white marble altar of Elyvilon.
  1915 | D:3      | Found a radiant altar of Vehumet.
  1918 | D:3      | Found a blossoming altar of Fedhas.
  1921 | D:3      | Found a stormy altar of Qazlal.
  2111 | D:3      | Found a glowing silver altar of Zin.
  2697 | D:4      | Found a shimmering altar of Xom.
  2841 | D:4      | Noticed an ogre
  2847 | D:4      | Killed an ogre
  2847 | D:4      | Reached skill level 1 in Bows
  2847 | D:4      | Reached XP level 6. HP: 35/39 MP: 6/6
  3122 | D:4      | Noticed Natasha
  3129 | D:4      | Killed Natasha
  3216 | D:4      | Noticed Natasha
  3223 | D:4      | Killed Natasha
  3373 | D:4      | Reached skill level 5 in Fighting
  3594 | D:4      | Noticed Natasha
  3600 | D:4      | Killed Natasha
  3732 | D:4      | Reached XP level 7. HP: 44/44 MP: 7/7
  3842 | D:4      | Found an ornate altar of the Wu Jian Council.
  4010 | D:5      | Entered Level 5 of the Dungeon
  4090 | D:5      | Found a staircase to the Ecumenical Temple.
  4112 | D:5      | Reached **** piety under Trog
  4139 | D:5      | Found a burning altar of Makhleb.
  4148 | D:5      | Found a hide-covered altar of Uskayaw.
  4479 | D:5      | Reached XP level 8. HP: 41/49 MP: 8/8
  4490 | D:5      | Noticed Eustachio
  4548 | D:5      | Killed Eustachio
  4548 | D:5      | Reached skill level 5 in Axes
  4671 | D:5      | Found a hazy altar of Hepliaklqana.
  5124 | D:6      | Found a hide-covered altar of Uskayaw.
  5185 | D:6      | Reached skill level 5 in Armour
  5197 | D:6      | Found a sand-covered staircase.
  5201 | Ossuary  | Entered an ossuary
  5532 | Ossuary  | Reached ***** piety under Trog
  5539 | Ossuary  | Received a gift from Trog
  6255 | D:7      | Found a hide-covered altar of Uskayaw.
  6611 | D:7      | Reached XP level 9. HP: 55/55 MP: 9/9
  6705 | D:7      | Reached skill level 5 in Bows
  7139 | D:8      | Found an iron altar of Okawaru.
  7164 | D:8      | Noticed Gastronok
  7186 | D:8      | Killed Gastronok
  7186 | D:8      | Reached XP level 10. HP: 63/63 MP: 10/10
  7231 | D:8      | Noticed a two-headed ogre
  7518 | D:8      | Noticed a two-headed ogre
  7702 | D:8      | Reached skill level 5 in Dodging
  7952 | D:8      | Killed a two-headed ogre
  8014 | D:8      | Killed a two-headed ogre
  8511 | D:9      | Noticed Grum
  8523 | D:9      | Killed Grum
  8839 | D:8      | Reached XP level 11. HP: 49/68 MP: 11/11
  9064 | D:9      | HP: 5/102 [troll (6)]
 10109 | D:9      | Noticed Erica
 10150 | D:9      | Killed Erica
 10314 | D:9      | Received a gift from Trog
 10315 | D:9      | Got a steaming lajatang {god gift}
 10316 | D:9      | Identified the +6 lajatang of Triumph {antimagic, *Rage Dex+5} (Trog gifted it to you on level 9 of the Dungeon)
 10419 | D:9      | Found a staircase to the Lair.
 10828 | Lair:1   | Entered Level 1 of the Lair of Beasts
 11992 | Lair:2   | Reached XP level 12. HP: 29/75 MP: 12/12
 12200 | Lair:2   | Upgraded the game from 0.20-a0-1020-g7b9e4fe to 0.20-a0-1025-g4706f7e
 12317 | Lair:2   | Noticed a six-headed hydra
 12593 | Lair:2   | Killed a six-headed hydra
 12650 | Lair:2   | Reached skill level 10 in Axes
 12705 | Lair:2   | Noticed Urug
 12732 | Lair:2   | Killed Urug
 12732 | Lair:2   | Reached skill level 10 in Bows
 13470 | Lair:2   | Slain by a komodo dragon

Vault maps used:
D:1:      moated_graveyard_arrival
D:2:      cheibriados_altar_1, chequers_ecumenical_altar_simple
D:3:      marbit_many_paths, bloody_trog, grunt_temple_overflow_cloverleaf,
          first_bread, dk_noncrumbling_2
D:4:      lemuel_crystal_altar, overflow_temple_1_default, uniq_natasha
D:5:      overflow_temple_1_default, overflow_temple_1_default,
          nicolae_overflow_hidden_temple, minmay_temple_entry_enclosed_plants,
          uniq_eustachio
D:6:      enter_ossuary_5, basic_altar
D:7:      basic_altar
D:8:      okawaru_gym_becter, minmay_misc_feat_roman, uniq_gastronok
D:9:      erik_lair_dragon, uniq_erica, uniq_grum
Lair:1:   serial_bayou_shore_b
Lair:2:   lab_entry_generic, beast_lair_carwin_8, uniq_urug
Ossuary:  ossuary_due_small_catacomb

Skill      XL: |  1  2  3  4  5  6  7  8  9 10 11 12 |
---------------+-------------------------------------+-----
Dodging        | 2 3 4 5 6 |  6.9
Fighting       | 4 5 6 7 8 9 |  9.1
Axes           | 3 4 6 7 8 9 10 | 10.2
Armour         | 3 4 5 6 7 8 9 |  9.0
Bows           | 1 3 4 6 8 9 10 | 10.1

Action                   |  1- 3 |  4- 6 |  7- 9 | 10-12 || total
-------------------------+-------+-------+-------+-------++-------
Melee: Hand axe          |   127 |   200 |       |       ||   327
       War axe           |       |    43 |   340 |   496 ||   879
 Fire: Shortbow          |       |       |    69 |   321 ||   390
Invok: Berserk           |       |     1 |     4 |    14 ||    19
       Trog's Hand       |       |       |       |     1 ||     1
  Use: Scroll            |       |       |    14 |     9 ||    23
  Eat: Chunk             |       |    11 |    24 |    34 ||    69
Armor: Chain mail        |   107 |   176 |   220 |   383 ||   886
       Animal skin       |     2 |       |       |       ||     2
Dodge: Dodged            |    84 |   131 |   162 |   301 ||   678
